 Dungeon Crawl Stone Soup version 0.21-a0-41-g5e91fef (webtiles) character file.

1400 Chaotic the Shield-Bearer (level 8, -12/70 HPs)
             Began as a Minotaur Fighter on June 4, 2017.
             Was a Believer of Uskayaw.
             Mangled by an eight-headed hydra (13 damage)
             ... on level 8 of the Dungeon.
             The game lasted 00:03:38 (3005 turns).

Chaotic the Shield-Bearer (Minotaur Fighter)        Turns: 3005, Time: 00:03:39

Health: -12/70     AC:  8    Str: 23    XL:     8   Next: 41%
Magic:  11/11      EV: 10    Int:  5    God:    Uskayaw [**....]
Gold:   170        SH: 10    Dex: 10    Spells: 7/7 levels left

rFire    + . .     SeeInvis .   a - +0 rapier
rCold    . . .     Gourm    .   c - +0 shield
rNeg     . . .     Faith    .   s - +1 scale mail {rF+}
rPois    .         Spirit   .   (helmet restricted)
rElec    .         Reflect  .   (no cloak)
rCorr    .         Harm     .   (no gloves)
MR       .....                  (no boots)
Stlth    +.........             (no amulet)
Regen    0.3/turn               m - +2 ring of evasion
MPRegen  0.2/turn               r - ring of stealth

@: no status effects
A: retaliatory headbutt, horns 2
a: Stomp, Line Pass, Renounce Religion


You were on level 8 of the Dungeon.
You worshipped Uskayaw.
Uskayaw was noncommittal.
You were not hungry.

You visited 1 branch of the dungeon, and saw 6 of its levels.

You collected 170 gold pieces.

Inventory:

Hand Weapons
 a - a +0 rapier (weapon)
Armour
 c - a +0 shield (worn)
 s - a +1 scale mail of fire resistance (worn)
Jewellery
 m - a +2 ring of evasion (left hand)
 r - a ring of stealth (right hand)
Wands
 l - a wand of acid (6/15)
 o - a wand of paralysis (7/24)
Scrolls
 b - a scroll of amnesia {unknown}
 e - a scroll of remove curse {unknown}
 p - a scroll of fear {unknown}
 t - a scroll of identify
 v - a scroll of fog {unknown}
Potions
 d - 2 potions of might
 g - a potion of cancellation {unknown}
 h - 2 potions of flight {unknown}
 j - a potion of brilliance {unknown}
 k - a potion of ambrosia {unknown}
 n - 4 potions of curing {unknown}
Books
 w - a book of Flames

   Spells                             Type                      Level
   a - Flame Tongue                   Conjuration/Fire             1
   b - Throw Flame                    Conjuration/Fire             2
   c - Conjure Flame                  Conjuration/Fire             3
   d - Inner Flame                    Hexes/Fire                   3
   e - Sticky Flame                   Conjuration/Fire             4
   f - Fireball                       Conjuration/Fire             5
Comestibles
 f - 3 bread rations
 i - 8 fruits
 q - 4 royal jellies
 u - a meat ration


   Skills:
 + Level 6.2 Fighting
 + Level 5.2 Short Blades
 + Level 6.2 Armour
 + Level 6.3 Shields
 * Level 5.7 Invocations


You had 7 spell levels left.
You didn't know any spells.

Dungeon Overview and Level Annotations

Branches:
Dungeon (8/15)             Temple (0/1) D:7
   Lair: D:8-11

Altars:
Uskayaw
Wu Jian

Shops:
D:6 [


Innate Abilities, Weirdness & Mutations

You reflexively headbutt those who attack you in melee.
You have a pair of horns on your head.


Message History

The eight-headed hydra is moderately wounded.
The eight-headed hydra barely misses you.
You furiously retaliate!
You headbutt the eight-headed hydra!
The eight-headed hydra barely misses you.
The eight-headed hydra bites you but does no damage.
The eight-headed hydra bites you!
* * * LOW HITPOINT WARNING * * *
The eight-headed hydra barely misses you.
The eight-headed hydra bites you!
* * * LOW HITPOINT WARNING * * *
The eight-headed hydra bites you but does no damage.
You block the eight-headed hydra's attack.
You can now pass through a line of other dancers.
You hit the eight-headed hydra. You headbutt the eight-headed hydra!
The eight-headed hydra is heavily wounded.
The eight-headed hydra bites you but does no damage. x2
The eight-headed hydra bites you!
* * * LOW HITPOINT WARNING * * *
The eight-headed hydra bites you!
You die...

##.#.# #..#.#
#.##.#
###.##.########
#.....#.......#
#.#.##.######.#
#.#.##.# ...
#.#.#..##.###.##
#.......@D.....#
#...#.....#...>.
#...#..........#
#...............
##.##...[.###...
# #....## ..
...... . ##.#...


You could see an eight-headed hydra.

Vanquished Creatures
  Duvessa (D:6)
  2 sky beasts (D:7)
  A black bear (D:6)
  An ice beast (D:6)
  A phantom (D:6)
  4 bullfrogs
  Dowan (D:6)
  A scorpion (D:6)
  3 killer bees (D:7)
  A crimson imp (D:7)
  A centaur zombie (D:6)
  2 hounds
  An iguana (D:8)
  2 orc wizards
  A worker ant (D:7)
  3 adders (D:7)
  A shadow imp (D:7)
  2 oozes (D:6)
  An adder skeleton (D:6)
  A worm (D:2)
  2 leopard geckos (D:2)
  14 orcs
  5 bats
  3 giant cockroaches
  10 goblins
  5 hobgoblins
  3 jackals (D:1)
  9 kobolds
  3 quokkas (D:2)
  3 frilled lizards (D:1)
  7 rats
95 creatures vanquished.

Notes
Turn   | Place    | Note
-------+----------+-------------------------------------------
     0 | D:1      | Chaotic the Minotaur Fighter began the quest for the Orb.
     0 | D:1      | Reached XP level 1. HP: 19/19 MP: 0/0
   200 | D:1      | Reached XP level 2. HP: 27/27 MP: 1/1
   501 | D:2      | Reached XP level 3. HP: 31/33 MP: 2/2
   644 | D:2      | Found a hide-covered altar of Uskayaw.
   668 | D:2      | Became a worshipper of Uskayaw the Reveler
   711 | D:2      | Reached * piety under Uskayaw
  1064 | D:3      | You fall through a shaft for 3 floors!
  1139 | D:6      | Reached skill level 1 in Invocations
  1205 | D:6      | Reached ** piety under Uskayaw
  1206 | D:6      | Reached XP level 4. HP: 40/40 MP: 2/4
  1213 | D:6      | Noticed a bullfrog
  1215 | D:6      | Reached *** piety under Uskayaw
  1217 | D:6      | Killed a bullfrog
  1217 | D:6      | Reached XP level 5. HP: 44/47 MP: 3/5
  1217 | D:6      | Reached **** piety under Uskayaw
  1364 | D:6      | Found Echueg's Antique Armour Shop.
  1403 | D:6      | Noticed Duvessa
  1415 | D:6      | Killed Duvessa
  1415 | D:6      | Reached skill level 5 in Shields
  1415 | D:6      | Reached XP level 6. HP: 44/55 MP: 5/7
  1417 | D:6      | Noticed Dowan
  1430 | D:6      | Killed Dowan
  1430 | D:6      | Reached skill level 5 in Armour
  1638 | D:6      | Reached skill level 5 in Fighting
  1680 | D:6      | Noticed an ice beast
  1687 | D:6      | Killed an ice beast
  1687 | D:6      | Reached XP level 7. HP: 35/61 MP: 8/8
  2221 | D:7      | Reached XP level 8. HP: 52/70 MP: 10/10
  2221 | D:7      | Reached ***** piety under Uskayaw
  2399 | D:7      | Found an ornate altar of the Wu Jian Council.
  2414 | D:7      | Reached skill level 5 in Invocations
  2623 | D:7      | Found a staircase to the Ecumenical Temple.
  2739 | D:7      | Reached skill level 5 in Short Blades
  2999 | D:8      | Noticed an eight-headed hydra
  3005 | D:8      | HP: 1/70 [eight-headed hydra (8)]
  3005 | D:8      | Mangled by an eight-headed hydra

Vault maps used:
D:1:      dpeg_arrival_stone_temple_mockup, minmay_misc_feat_rows,
          dk_noncrumbling_4, minivault_24
D:2:      eat_drink_and_be_merry_uskayaw, grunt_ministairs_1
D:3:      tso_altar, uniq_natasha, uniq_terence, uniq_grinder, uniq_sigmund,
          uniq_crazy_yiuf_cottage
D:6:      serial_shops, shop, uniq_duvessa
D:7:      kennysheep_mini_moat, minmay_temple_entry_metal_lava
D:8:      serial_shops, nicolae_shop_temple_entry_statues_fountains

Skill      XL: |  1  2  3  4  5  6  7  8 |
---------------+-------------------------+-----
Shields        | 4 5 6 |  6.3
Fighting       | 4 5 6 |  6.2
Armour         | 4 5 6 |  6.2
Invocations    | 1 2 3 4 5 |  5.7
Short Blades   | 3 4 5 |  5.2

Action                   |  1- 3 |  4- 6 |  7- 9 || total
-------------------------+-------+-------+-------++-------
Melee: Rapier            |   134 |    47 |   102 ||   283
       Headbutt          |    14 |    13 |    16 ||    43
  Use: Scroll            |     5 |       |     1 ||     6
 Stab: Paralysed         |       |     4 |     6 ||    10
  Eat: Fruit             |     1 |       |       ||     1
       Chunk             |       |     2 |     4 ||     6
Armor: Scale mail        |    53 |    14 |    47 ||   114
Dodge: Dodged            |    37 |    26 |    43 ||   106
Block: Shield            |    80 |    34 |    58 ||   172
